 Dungeon Crawl Stone Soup version 0.32-a0-886-g41c5271027 (webtiles) character file.

Game seed: 4719236831545686562

3659 javelincjr the Fighter (level 9, -1/82 HPs)
             Began as a Minotaur Fighter on Apr 2, 2024.
             Was a Believer of the Shining One.
             Slain by an orc knight
             ... wielding a +0 glaive
              (11 damage)
             ... in a bailey.
             The game lasted 00:29:50 (6606 turns).

javelincjr the Fighter (Minotaur Fighter)           Turns: 6606, Time: 00:29:50

Health: -1/82      AC: 17    Str: 26    XL:     9   Next: 89%
Magic:  8/10       EV: 12    Int:  5    God:    the Shining One [**....]
Gold:   354        SH: 13    Dex: 15    Spells: 8/8 levels left

rFire   . . .        M - +1 trident (freeze)
rCold   . . .        c - +0 buckler
rNeg    + . .        a - +0 chain mail
rPois   .            (helmet restricted)
rElec   .            F - +2 cloak
rCorr   .            (no gloves)
SInv    .            L - +2 pair of boots
Will    .....        (no amulet) Stlth
                     C - +5 ring of evasion
HPRegen 0.33/turn    W - +6 ring of dexterity
MPRegen 0.12/turn

%: no passive effects
@: mighty, divinely shielded, glowing, studying 2 skills
A: horns 2, retaliatory headbutt
a: Renounce Religion, Divine Shield


You were in a bailey.
You worshipped the Shining One.
The Shining One was pleased with you.
You visited 2 branches of the dungeon, and saw 8 of its levels.
You also visited: Sewer and Bailey.

You collected 478 gold pieces.
You spent 124 gold pieces at shops.

Inventory:

Hand Weapons
 p - a +0 flail of protection
 G - a +2 hammer of venom
 M - a +1 trident of freezing (weapon)
Missiles
 j - 8 poisoned darts (quivered)
 k - 3 datura-tipped darts
 q - 2 curare-tipped darts
 D - 6 silver javelins
 R - 10 boomerangs
 T - 3 throwing nets
Armour
 a - a +0 chain mail (worn)
 b - a +0 scale mail
 c - a +0 buckler (worn)
 F - a +2 cloak (worn)
 L - a +2 pair of boots (worn)
Jewellery
 l - a ring of magical power
 n - a +6 ring of intelligence
 u - a ring of willpower
 C - a +5 ring of evasion (left hand)
 H - a ring of fire
 K - a ring of magical power
 W - a +6 ring of dexterity (right hand)
 Z - a ring of wizardry
Wands
 g - a wand of flame (21)
 o - a wand of warping (2)
 s - a wand of mindburst (5)
 B - a wand of polymorph (19)
 S - a wand of acid (2)
 X - a wand of charming (5)
Scrolls
 r - 3 scrolls of teleportation {unknown}
 t - 2 scrolls of enchant weapon {unknown}
 v - a scroll of blinking
 w - 2 scrolls of fog {unknown}
 y - 3 scrolls of poison {unknown}
 J - 2 scrolls of vulnerability {unknown}
 Y - a scroll of brand weapon {unknown}
Potions
 d - 5 potions of might
 e - 3 potions of cancellation
 f - a potion of lignification {unknown}
 h - a potion of attraction {unknown}
 i - a potion of enlightenment {unknown}
 m - a potion of magic {unknown}
 x - 2 potions of brilliance {unknown}
 z - 2 potions of heal wounds {unknown}
 A - a potion of haste {unknown}
 E - a potion of mutation {unknown}
 I - 2 potions of ambrosia
 N - a potion of berserk rage {unknown}
 O - 3 potions of resistance
 P - 2 potions of curing
 Q - 2 potions of invisibility {unknown}


   Skills:
 + Level 8.7 Fighting
 + Level 5.3 Maces & Flails
 + Level 7.7 Polearms
 + Level 8.3 Armour
 + Level 8.3 Shields
 + Level 3.3 Invocations
 + Level 3.0 Evocations


You had 8 spell levels left.
You didn't know any spells.
Your spell library contained the following spells:

 Spells                   Type           Power      Damage    Failure   Level
 Freeze                   Ice            0%         1d3       94%         1
 Frozen Ramparts          Ice            0%         1d1       100%        3
 Hailstorm                Conj/Ice       0%         3d5       100%        3
 Maxwell's Portable Pile  Tloc           0%         2d(5-13)  100%        3
 Arcjolt                  Conj/Air       0%         1d10      100%        5
 Summon Forest            Summ/Tloc      0%         N/A       100%        5
 Eringya's Noxious Bog    Alch           0%         4d6       100%        6
 Summon Hydra             Summ           0%         N/A       100%        7
 Maxwell's Capacitive Co  Air            0%         ∞         100%        8


Dungeon Overview and Level Annotations

Branches:
Dungeon (7/15)             Temple (1/1) D:4           Sewer (visited)
 Bailey (1/1)

Altars:
Ashenzari
Cheibriados
Dithmenos
Elyvilon
Fedhas
Gozag
Hepliaklqana
Kikubaaqudgha
Makhleb
Nemelex Xobeh
Okawaru
Qazlal
Ru
Sif Muna
Trog
Uskayaw
Vehumet
Wu Jian
Xom
Yredelemnul
Zin
The Shining One

Shops:
D:3 !*![*   D:6 =


Innate Abilities, Weirdness & Mutations

You have a pair of horns on your head.
You reflexively headbutt those who attack you in melee.


Message History

Aim: an orc knight, wielding a +0 halberd and wearing a +0 scale mail (moderately wounded, strong, haloed, about 24% to evade your +1 trident of freezing)
You reach to attack!
You hit the orc knight but do no damage.
The orc knight is moderately wounded.
The orc knight hits you from afar with a +0 halberd!
* * * LOW HITPOINT WARNING * * *
You feel very mighty all of a sudden. The orc knight misses you.
Reach: M) +1 trident (freeze)
Press: ? - help, Dir - move target, f/p - orc knight
Aim: an orc knight, wielding a +0 halberd and wearing a +0 scale mail (moderately wounded, strong, haloed, about 24% to evade your +1 trident of freezing)
You reach to attack!
You hit the orc knight. You freeze the orc knight.
The orc knight is heavily wounded.
You block the orc knight's attack.
Reach: M) +1 trident (freeze)
Press: ? - help, Dir - move target, f/p - orc knight
Aim: an orc knight, wielding a +0 halberd and wearing a +0 scale mail (heavily wounded, strong, haloed, about 24% to evade your +1 trident of freezing)
You reach to attack!
You puncture the orc knight! You freeze the orc knight.
The orc knight is severely wounded.
You block the orc knight's attack.
Reach: M) +1 trident (freeze)
Press: ? - help, Dir - move target, f/p - orc knight
Aim: an orc knight, wielding a +0 halberd and wearing a +0 scale mail (severely wounded, strong, haloed, about 24% to evade your +1 trident of freezing)
You reach to attack!
You puncture the orc knight! You freeze the orc knight.
The orc knight is almost dead.
The orc knight hits you from afar with a +0 halberd!
* * * LOW HITPOINT WARNING * * *
Reach: M) +1 trident (freeze)
Press: ? - help, Dir - move target, f/p - orc knight
Aim: an orc knight, wielding a +0 halberd and wearing a +0 scale mail (almost dead, strong, haloed, about 24% to evade your +1 trident of freezing)
You reach to attack!
You barely miss the orc knight.
The orc knight is almost dead.
The orc knight no longer looks unusually strong.
Aiming: Charm
Press: ? - help, Q - select action, (/) - cycle Shift-Dir - straight line, f/p - orc knight
Aim: an orc knight, wielding a +0 halberd and wearing a +0 scale mail (almost dead, strong, haloed, chance to affect: 38%)
The orc knight is charmed.
The orc knight attacks as it pursues you!
The orc knight hits you from afar with a +0 glaive!
You die...

#.##ß##)#
#..#.#))#
#.......#
#.......#
#.......#
##.....##
###'###
#...#
#.@.#
#.o)#
#)o)#
###)###
##.))).##
#.......#
#.(#ß#..#
#.(#.#..#
#.......#


You could see an orc knight and a friendly orc knight (charmed, strong).

Vanquished Creatures
  An orc knight (Bailey)
  Prince Ribbit (D:7)
  5 orc warriors
  An ice beast (D:6)
  3 ogres
  A centaur (D:5)
  4 kobold brigands (Sewer)
  Blork the orc (D:4)
  2 brain worms (Sewer)
  2 gnoll sergeants
  4 scorpions
  A bullfrog (D:6)
  2 howler monkeys
  2 hounds
  A jelly (D:5)
  Crazy Yiuf (D:3)
  8 orc priests
  2 gnoll boudas
  3 iguanas
  2 sleepcaps (D:6)
  Natasha (thrice) (D:2)
  4 orc wizards
  11 gnolls
  3 river rats
  14 adders
  5 white imps
  3 ribbon worms
  2 dart slugs
  39 orcs
  6 ball pythons
  5 endoplasms
  A giant cockroach (D:2)
  11 goblins
  8 hobgoblins
  5 jackals
  11 kobolds
  A quokka (D:3)
  4 bats
  4 frilled lizards
  8 rats
195 creatures vanquished.

Notes
Turn   | Place    | Note
-------+----------+-------------------------------------------
     0 | D:1      | javelincjr the Minotaur Fighter began the quest for the
                  | Orb.
     0 | D:1      | Reached XP level 1. HP: 19/19 MP: 0/0
   123 | D:1      | Reached XP level 2. HP: 27/27 MP: 1/1
   542 | D:2      | Reached XP level 3. HP: 28/33 MP: 2/2
   563 | D:2      | Noticed Natasha
   571 | D:2      | Killed Natasha
   586 | D:2      | Noticed Natasha
   594 | D:2      | Killed Natasha
   595 | D:2      | Reached XP level 4. HP: 34/41 MP: 3/3
   965 | D:2      | Noticed Natasha
   974 | D:2      | Killed Natasha
   985 | D:2      | Reached XP level 5. HP: 34/47 MP: 4/4
  1498 | D:3      | Reached skill level 5 in Fighting
  1529 | D:3      | Reached skill level 5 in Shields
  1533 | D:3      | Reached skill level 5 in Armour
  1538 | D:3      | Found a glowing drain.
  1542 | Sewer    | Entered a sewer
  1568 | Sewer    | Reached XP level 6. HP: 55/56 MP: 5/5
  1891 | Sewer    | Reached skill level 5 in Polearms
  1891 | Sewer    | Reached XP level 7. HP: 27/62 MP: 3/6
  2394 | D:3      | Found a broken altar of Ashenzari.
  2413 | D:3      | Found Lennov's General Store.
  2439 | D:3      | Found Vinig's Armour Shoppe.
  2538 | D:3      | Found Dyirite's Distillery.
  2578 | D:3      | Found Gayn's Assorted Antiques.
  2601 | D:3      | Bought a scroll labelled ZEGGUA YRHEFF for 26 gold pieces
  2601 | D:3      | Bought a scroll labelled KANIT NOWKIC for 26 gold pieces
  2601 | D:3      | Bought a puce potion for 23 gold pieces
  2601 | D:3      | Bought a murky silvery potion for 23 gold pieces
  2601 | D:3      | Bought a scroll labelled ARYTRAG UFOAXY for 26 gold pieces
  2649 | D:3      | Found a faded altar of an unknown god.
  2698 | D:3      | Found Oqud Zeff's Distillery.
  2850 | D:3      | Found a runed translucent door.
  2851 | D:3      | Noticed Crazy Yiuf
  3198 | D:3      | Killed Crazy Yiuf
  3319 | D:4      | Found a staircase to the Ecumenical Temple.
  3333 | Temple   | Entered the Ecumenical Temple
  3420 | Temple   | Became a worshipper of the Shining One
  3590 | D:4      | Reached skill level 1 in Maces & Flails
  3688 | D:4      | Noticed Blork the orc
  3694 | D:4      | Killed Blork the orc
  3791 | D:4      | Found an ancient bone altar of Kikubaaqudgha.
  3791 | D:4      | Found a hazy altar of Hepliaklqana.
  4238 | D:5      | Entered Level 5 of the Dungeon
  4263 | D:5      | Reached XP level 8. HP: 28/71 MP: 7/7
  4849 | D:5      | Reached * piety under the Shining One
  5111 | D:6      | Reached skill level 1 in Invocations
  5111 | D:6      | Reached skill level 1 in Evocations
  5207 | D:6      | Found Ykhieng's Jewellery Emporium.
  5507 | D:6      | Reached XP level 9. HP: 79/79 MP: 9/9
  5875 | D:6      | Found a hide-covered altar of Uskayaw.
  5895 | D:7      | Reached ** piety under the Shining One
  5935 | D:7      | Noticed Prince Ribbit
  5945 | D:7      | Killed Prince Ribbit
  6064 | D:7      | Found a flagged portal.
  6070 | Bailey   | Entered a bailey
  6253 | Bailey   | Identified 2 scrolls of acquirement
  6253 | Bailey   | Acquired a manual of Fighting
  6254 | Bailey   | Acquired a manual of Throwing
  6269 | Bailey   | Noticed an orc knight
  6320 | Bailey   | Killed an orc knight
  6321 | Bailey   | Reached skill level 5 in Maces & Flails
  6563 | Bailey   | Noticed an orc knight
  6563 | Bailey   | Noticed an orc knight
  6606 | Bailey   | Slain by an orc knight

Illustrated notes

Levels and vault maps discovered:
D:1:      giann_forest_graveyard, layout_basic, interstate_on_off
D:2:      layout_basic, uniq_natasha
D:3:      layout_loops_cross, nicolae_ashenzari_panopticon,
          gup_sewer_entry_bowl, dreamdust_ecumenical_altar_sealed_demon,
          serial_shops, shop, nicolae_shop_statue_plus, shop,
          nicolae_shop_waterfront, shop_fountains, roderic_roman_lattice,
          minmay_misc_feat_iff, kennysheep_nub, nicolae_twisty_statue_hallways,
          uniq_crazy_yiuf_cottage
D:4:      layout_cave_pods, gammafunk_temple_overflow_statue,
          minmay_temple_entry_large_hall, serial_park, serial_park_paths
          [serial_park_minivault_5x5_5], serial_park_tiny_2,
          serial_park_tiny_pond, serial_park_tiny_1, uniq_blork_the_orc
D:5:      layout_cave_pools, serial_park, serial_park_tiny_2,
          serial_park_square3 [serial_park_minivault_5x5_2],
          serial_park_square2, serial_park_gazebo [serial_park_minivault_5x5_5],
          minmay_checkerbox
D:6:      layout_basic, lemuel_tele_altar, serial_shops,
          nicolae_shop_tiny_glass, minmay_joined_circles
D:7:      layout_gridville, enter_bailey_3, uniq_prince_ribbit1
Temple:   dpeg_five_rooms_temple
Bailey:   bailey_polearm_5, bailey

Skill      XL: |  1  2  3  4  5  6  7  8  9 |
---------------+----------------------------+-----
Shields        | 4 5 6 7 8 |  8.3
Fighting       | 4 5 6 7 8 |  8.7
Armour         | 4 5 6 7 8 |  8.3
Polearms       | 3 4 5 6 7 |  7.7
Maces & Flails | 1 3 5 |  5.3
Invocations    | 1 3 |  3.3
Evocations     | 1 3 |  3.0

Action                     |  1- 3 |  4- 6 |  7- 9 || total
---------------------------+-------+-------+-------++-------
  Melee: Trident           |    86 |    63 |   230 ||   379
         Headbutt          |    10 |    22 |    53 ||    85
         Flail             |       |    82 |    51 ||   133
         Mace              |       |       |    60 ||    60
  Throw: Dart              |       |     4 |    11 ||    15
         Boomerang         |       |       |    16 ||    16
 Invoke: Divine Shield     |       |       |     1 ||     1
  Evoke: Wand              |       |       |     1 ||     1
    Use: Scroll            |       |       |    17 ||    17
         Potion            |       |       |     1 ||     1
 Armour: Scale mail        |    43 |    99 |   154 ||   296
         Chain mail        |       |       |    48 ||    48
  Dodge: Dodged            |    26 |    59 |   185 ||   270
  Block: Buckler           |    13 |    21 |   114 ||   148

Table legend: (Time is in decaauts)
 A = Elapsed time spent in this place.
 B = Non-inter-level travel time spent in this place.
 C = Inter-level travel time spent in this place.
 D = Time resting spent in this place.
 E = Time spent auto-exploring this place.
 F = Levels seen in this place.
 G = Mean time per level.
                   A        B        C        D        E       F      G
               +--------+--------+--------+--------+--------+-----+--------+
         Total |   6899 |   6551 |    348 |    540 |   4366 |  10 |  689.9 |
       Dungeon |   5202 |   4990 |    212 |    255 |   3585 |   7 |  743.1 |
        Temple |    137 |      1 |    136 |      0 |      0 |   1 |  137.0 |
         Sewer |   1026 |   1026 |      0 |     31 |    734 |   1 | 1026.0 |
        Bailey |    533 |    533 |      0 |    254 |     46 |   1 |  533.0 |
               +--------+--------+--------+--------+--------+-----+--------+

Top non-repeatable levels by time:
     D:4: 1038 daAuts
   Sewer: 1026 daAuts
     D:3: 988 daAuts
     D:2: 939 daAuts
     D:6: 867 daAuts
     D:5: 679 daAuts
     D:1: 543 daAuts
  Bailey: 533 daAuts
     D:7: 145 daAuts
  Temple: 137 daAuts
